Map: Катализатор РВ

Players

Murena

  • Race: Terran Terran
  • Spawn Location: 11:00

ИИ 1 (эксперт) - Winner!

  • Race: Protoss Protoss
  • Spawn Location: 5:00

VOD

Have the link to the VOD?

Description

Time

  • Played on: March 27, 2019, 7:57 a.m.
  • Length: 7:27
Show
View Real Time Build Order
Export as new Build Order

Murena Terran 

Build Orders:  

Get SALT Encoding   

  12  0:00  SCV  
  13  0:13  SCV  
  14  0:19  Supply Depot  
  14  0:25  SCV  
  15  0:41  SCV  
  16  0:43  Barracks  
  16  0:46  Refinery  
  16  0:54  SCV  
  17  1:03  Barracks  
  17  1:06  SCV  
  18  1:15  Supply Depot  
  18  1:19  SCV  
  19  1:30  Marine  
  19  1:31  SCV  
  21  1:43  Orbital Command  
  21  1:48  Barracks Reactor  
  21  1:50  Marine  
  22  1:55  Refinery  
  22  2:08  Marine  
  22  2:11  SCV  
  22  2:15  Factory  
  24  2:24  Marine x2  
  24  2:27  Barracks Tech Lab  
  24  2:29  SCV  
  27  2:36  Supply Depot  
  27  2:41  SCV  
  27  2:43  Reaper  
  29  2:44  Reaper  
  29  2:46  Marine  
  31  2:58  Factory Tech Lab  
  31  3:01  SCV  
  31  3:05  Supply Depot, Marauder  
  34  3:07  Combat Shield  
  34  3:13  SCV  
  34  3:18  Marine  
  34  3:19  Marine  
  37  3:25  SCV  
  38  3:27  Siege Tank  
  38  3:31  Marauder  
  43  3:37  Supply Depot, Marine  
  43  3:38  Marine  
  45  3:41  SCV  
  46  3:56  Marine  
  46  3:57  Starport  
  47  4:03  Hellion  
  47  4:04  Marauder  
  51  4:11  Marine  
  51  4:12  Supply Depot  
  51  4:16  Marine  
  53  4:26  Hellion  
  55  4:34  Medivac  
  55  4:36  Marauder  
  55  4:37  Marine x2  
  61  4:39  SCV  
  61  4:44  Supply Depot  
Show
View Real Time Build Order
Export as new Build Order

ИИ 1 (эксперт) Protoss - Winner!

Build Orders: Zealot Archon 

Get SALT Encoding   

  12  0:00  Probe  
  13  0:13  Probe  
  14  0:19  Pylon  
  14  0:25  Probe  
  15  0:33  Probe  
  15  0:40  Gateway  
  15  0:42  Probe  
  16  0:48  Assimilator  
  17  0:52  Probe  
  18  1:00  Probe  
  18  1:01  Pylon  
  19  1:08  Probe  
  19  1:18  Probe  
  21  1:29  Zealot  
  21  1:30  Probe  
  21  1:31  Cybernetics Core  
  24  1:42  Probe  
  25  1:50  Zealot  
  25  1:55  Gateway  
  25  1:58  Pylon  
  25  1:59  Probe  
  28  2:26  Nexus  
  28  2:29  Warp Gate  
  28  2:32  Probe  
  29  2:37  Assimilator  
  29  2:44  Probe  
  29  2:45  Adept  
  29  2:51  Adept  
  34  2:56  Probe  
  35  3:01  Pylon  
  35  3:05  Probe  
  36  3:15  Adept  
  38  3:21  Sentry  
  40  3:27  Probe  
  41  3:35  Probe  
  41  3:39  Gateway  
  42  3:45  Stalker  
  42  3:47  Stalker  
  46  3:48  Probe  
  47  4:00  Probe  
  47  4:02  Probe  
  49  4:09  Probe  
  49  4:14  Probe  
  49  4:17  Probe  
  51  4:23  Stalker  
  54  4:24  Stalker  
  54  4:26  Probe x2  
  58  4:33  Stalker  
  58  4:35  Probe  
  58  4:37  Pylon  
  61  4:48  Pylon  
  61  4:51  Probe  
  61  4:54  Stalker  
  61  4:55  Stalker, Probe  
  61  4:59  Stalker  
  69  5:03  Probe  
  71  5:07  Pylon, Probe  
  71  5:15  Probe  
  71  5:17  Pylon  
  71  5:18  Stalker x2  
  71  5:19  Probe  
  77  5:25  Stalker  
  77  5:27  Probe  
  80  5:31  Pylon, Probe  
  81  5:37  Probe  
  81  5:41  Stalker x2  
  86  5:43  Probe, Stalker  
  86  5:45  Probe  
  86  5:46  Twilight Council  
  80  5:55  Probe  
  55  6:04  Zealot, Adept  
  55  6:05  Assimilator  
  55  6:06  Zealot  
  57  6:13  Assimilator  
  56  6:24  Zealot, Stalker  
  56  6:25  Templar Archives  
  56  6:28  Probe  
  56  6:31  Probe  
  55  6:40  Probe  
  55  6:41  Probe  
  54  6:49  Probe  
  54  6:53  Probe  
  53  6:58  Probe  
  53  7:01  Zealot  
  53  7:03  High Templar  
  53  7:04  High Templar  
  53  7:05  Probe  
  54  7:10  Probe  
  49  7:22  Stalker  
  51  7:26  Archon  
Tags
 
Add a new tag
Caveats
  • Supply blocks, unpowered buildings, or Contaminate may cause inaccurate times.
  • Supply counts are checked every 10 seconds.